 Dungeon Crawl Stone Soup version 0.25-a0-942-g87a53962fc (webtiles) character file.

Game seed: 10996543471536362851, levelgen mode: deterministic

11965 Mgcat the Cleaver (level 11, -2/99 HPs)
             Began as a Hill Orc Fighter on May 6, 2020.
             Was an Elder of Beogh.
             Slain by an ice devil (23 damage)
             ... on level 1 of the Lair of Beasts.
             The game lasted 00:22:56 (11335 turns).

Mgcat the Cleaver (Hill Orc Fighter)               Turns: 11335, Time: 00:22:57

Health: -2/99      AC: 12    Str: 25    XL:     11   Next: 86%
Magic:  17/17      EV:  9    Int:  8    God:    Beogh [****..]
Gold:   476        SH: 16    Dex: 10    Spells: 10/10 levels left

rFire    + + .     SeeInvis .   a - +1 war axe (flame)
rCold    . . .     Gourm    .   c - +0 kite shield
rNeg     + . .     Faith    .   A - +2 ring mail {rF+}
rPois    .         Spirit   .   (helmet restricted)
rElec    .         Reflect  +   (no cloak)
rCorr    .         Harm     .   w - +0 pair of gloves
MR       .....                  h - +0 pair of boots
Stlth    ..........             i - +4 amulet of reflection
HPRegen  0.26/turn              F - ring of Ikhiuh {*Contam +Fly rF+ rN+}
MPRegen  0.15/turn              s - +2 ring of strength

@: mighty
A: hooves 1, horns 2, yellow scales 2, deformed body
a: Smiting, Recall Orcish Followers, Renounce Religion, Evoke Flight


You were on level 1 of the Lair of Beasts.
You worshipped Beogh.
Beogh was greatly pleased with you.
You were not hungry.

You visited 2 branches of the dungeon, and saw 12 of its levels.

You collected 853 gold pieces.
You spent 377 gold pieces at shops.

Inventory:

Hand Weapons
 a - a +1 war axe of flaming (weapon)
 I - a +0 broad axe
   (You found it on level 1 of the Lair of Beasts)
Armour
 c - a +0 kite shield (worn)
 h - a +0 pair of boots (worn)
   (You found it on level 1 of the Dungeon)
 w - a +0 pair of gloves (worn)
   (You found it on level 4 of the Dungeon)
 A - a +2 ring mail of fire resistance (worn)
   (You took it off Duvessa on level 4 of the Dungeon)
Jewellery
 i - a +4 amulet of reflection (around neck)
   (You took it off a gnoll on level 9 of the Dungeon)
 s - a +2 ring of strength (right hand)
   (You took it off a hobgoblin on level 3 of the Dungeon)
 F - the ring of Ikhiuh (left hand) {*Contam +Fly rF+ rN+}
   (You acquired it on level 9 of the Dungeon)

   [ring of protection from fire]

   It protects you from fire.
   It protects you from negative energy.
   It lets you fly.
   It causes magical contamination when unequipped.
 G - an uncursed ring of ice {rC+, rF-}
   (You took it off Fannar on level 1 of the Lair of Beasts)
Wands
 b - a wand of disintegration (7)
   (You found it on level 5 of the Dungeon)
 v - a wand of polymorph (2)
   (You took it off Grum on level 11 of the Dungeon)
 x - a wand of clouds (3)
   (You found it on level 5 of the Dungeon)
 y - a wand of digging (5)
   (You took it off Duvessa on level 4 of the Dungeon)
 E - a wand of iceblast (11)
   (You found it on level 9 of the Dungeon)
 L - a wand of scattershot (3)
   (You found it on level 1 of the Lair of Beasts)
Scrolls
 g - a scroll of fear
 k - a scroll of amnesia
 q - 4 scrolls of teleportation
 t - 5 scrolls of remove curse
 C - a scroll of blinking {!r}
 H - 2 scrolls of identify
 K - a scroll of torment {unknown}
Potions
 d - 2 potions of might
 e - a potion of mutation {!q}
 j - 5 potions of curing
 l - 4 potions of heal wounds
 m - a potion of ambrosia
 n - a potion of haste
 o - 3 potions of cancellation
 p - 2 potions of stabbing
 r - 2 potions of brilliance
 z - 6 potions of flight
 B - a potion of invisibility
 D - a potion of magic {unknown}
Miscellaneous
 J - a phial of floods
   (You found it on level 9 of the Dungeon)
Comestibles
 f - 31 rations
 u - 6 chunks of flesh {@w0}


   Skills:
 + Level 9.9 Fighting
 * Level 13.9 Axes
 + Level 9.1 Armour
 + Level 9.3 Shields
 + Level 8.8 Invocations


You had 10 spell levels left.
You didn't know any spells.
Your spell library contained the following spells:

 Spells                   Type           Power        Failure   Level  Hunger
 Corona                   Hex            #......      78%         1    ##.....
 Infusion                 Chrm           #...         78%         1    ##.....
 Magic Dart               Conj           #...         78%         1    ##.....
 Shock                    Conj/Air       #...         78%         1    ##.....
 Blink                    Tloc           N/A          89%         2    ###....
 Ensorcelled Hibernation  Hex/Ice        #.....       89%         2    ###....
 Searing Ray              Conj           #.....       89%         2    ###....
 Shroud of Golubria       Chrm/Tloc      #.....       89%         2    ###....
 Song of Slaying          Chrm           #.......     89%         2    ###....
 Swiftness                Chrm/Air       #.......     89%         2    ###....
 Confusing Touch          Hex            #.......     98%         3    ####...
 Dazzling Flash           Conj/Hex       #.....       98%         3    ####...
 Gell's Gravitas          Tloc           #.........   98%         3    ####...
 Lesser Beckoning         Tloc           #.........   98%         3    ####...
 Ozocubu's Armour         Chrm/Ice       #.......     98%         3    ####...
 Spectral Weapon          Hex/Chrm       #.......     98%         3    ####...
 Static Discharge         Conj/Air       #.......     98%         3    ####...
 Teleport Other           Tloc           #.......     98%         3    ####...
 Tukima's Dance           Hex            #.......     98%         3    ####...
 Airstrike                Air            #.........   100%        4    #####..
 Fulminant Prism          Conj/Hex       #.........   100%        4    #####..
 Iskenderun's Mystic Bla  Conj/Tloc      #.......     100%        4    #####..
 Passage of Golubria      Tloc           N/A          100%        4    #####..
 Lightning Bolt           Conj/Air       #.........   100%        5    ######.


Dungeon Overview and Level Annotations

Branches:
Dungeon (11/15)            Temple (0/1) D:7            Lair (1/6) D:11
    Orc: D:9-12

Altars:
Dithmenos
Trog
Uskayaw
Vehumet
Wu Jian
Yredelemnul

Shops:
D:5 }   D:6 *!   D:8 !%:

Portals:
Ice
Cave: Lair:1

Annotations:
D:11 3 runed translucent doors, Lochraine's ghost, novice DEWz


Innate Abilities, Weirdness & Mutations

You have large cloven feet.
You have a pair of horns on your head.
You are mostly covered in yellow scales. (AC +3)
Armour fits poorly on your strangely shaped body.


Message History

Beogh accepts your kill.
You take 10 damage, and have 78/99 hp.
I - a scroll of magic mapping {!r} You see here a porcupine corpse.
Found a stone staircase leading down.
K - a scroll labeled TUEZOTR QIVA You swap places.
You see here a porcupine corpse.
You butcher the porcupine corpse.
u - 5 chunks of flesh {@w0} (gained 1)
You see here a porcupine skeleton.
Really read
I - a scroll of magic mapping {!r}?
As you read the scroll of magic mapping {!r}, it crumbles to dust.
You feel aware of your surroundings.
You sensed 1 shop/portal.
You hear the loud crackling of a distant melting archway.
You see here a broad axe.
I - a broad axe Urug the Orcish Ballista comes into view.
She is wielding a +0 vorpal broad axe.
Urug shouts!
Urug throws a javelin.
The javelin pierces through you!!
You see here a javelin.
You take 23 damage, and have 64/99 hp.
MASSIVE DAMAGE!!
Unknown command.
Unknown command.
Unknown command.
You swap places.
Urug throws a javelin.
The javelin pierces through Bogbrand!!
The javelin pierces through you but does no damage.
Urug hits Bogbrand with a +0 vorpal broad axe!!
Bogbrand hits Urug with a +0 hand axe!
Urug barely misses Bogbrand.
A hippogriff comes into view.
The hippogriff screeches!
Bogbrand hits Urug with a +0 hand axe!!
Urug hits you with a +0 vorpal broad axe!!
Urug barely misses Bogbrand.
You take 23 damage, and have 43/99 hp.
MASSIVE DAMAGE!!
Spoiler Alert: The hippogriff can hit for high damage in melee!
You feel very mighty all of a sudden.
Bogbrand closely misses Urug.
Unknown command.
Unknown command.
You slash Urug! You burn Urug. Your headbutt misses Urug.
Urug is heavily wounded.
You block Urug's attack.
Urug misses Bogbrand.
Bogbrand hits Urug with a +0 hand axe!!
Spoiler Alert: The hippogriff can hit for high damage in melee!
Unknown command.
Unknown command.
You catch the helpless Urug completely off-guard!
You slice Urug!! You burn Urug!
Urug surrenders.
She yells, "Beogh is my god, I swear it!"
Urug is almost dead.
Spoiler Alert: The hippogriff can hit for high damage in melee!
Unknown command.
Unknown command.
You swap places.
Unknown command.
The hippogriff bites you but does no damage.
The hippogriff pecks you but does no damage.
You block the hippogriff's attack.
Spoiler Alert: The hippogriff can hit for high damage in melee!
You slash the hippogriff! You burn the hippogriff.
The hippogriff is moderately wounded.
You block the hippogriff's attack. The hippogriff closely misses you.
You block the hippogriff's attack.
You slice the hippogriff!! You burn the hippogriff!
You kill the hippogriff!
Beogh accepts your kill.
You see here a hippogriff corpse.
You butcher the hippogriff corpse.
u - 6 chunks of flesh {@w0} (gained 1)
You see here a hippogriff skeleton.
There isn't anything to butcher here.
Found an escape hatch in the floor.
L - a wand of scattershot (3)
You open the door.
An ice devil comes into view.
Found a frozen archway.
There is an open door here.
An ice devil comes into view.
You hit the ice devil. You burn the ice devil. You headbutt the ice devil.
The ice devil is lightly wounded.
Bogbrand roars a battlecry!
Urug goes into a battle-frenzy!
The ice devil hits you. The ice devil freezes you!!
* * * LOW HITPOINT WARNING * * *
You take 22 damage, and have 26/99 hp.
MASSIVE DAMAGE!!
You slash the ice devil! You burn the ice devil!
The ice devil is severely wounded.
Urug hits the ice devil with a +0 vorpal broad axe.
You hit the ice devil. You burn the ice devil.
The ice devil is almost dead.
You block the ice devil's attack.
You closely miss the ice devil.
The ice devil is almost dead.
Urug barely misses the ice devil.
The ice devil hits you.
* * * LOW HITPOINT WARNING * * *
The ice devil freezes you!!
You die...

*,*****,*,.. #######
*,,,,,,,,... #..∩..*
**,,,,,,,#..
*.....****,,....##..
*....,**..#.....#...
*,...,**,...#.......
**#4#***,#..#.......
##4## *,##.........
#.@o# ###.........#
#+#o###............
#.#...............(
*#..P......(÷.......
#...................
###...#.............
****#.....P......$....
**,,#....#........#....
*,*#......#............


You could see 2 ice devils, the friendly Bogbrand the orc knight and the
friendly Urug.

Vanquished Creatures
  Fannar (Lair:1)
  3 two-headed ogres
  An unseen horror (D:11)
  An ugly thing (D:11)
  2 komodo dragons (Lair:1)
  Prince Ribbit (D:6)
  A hippogriff (Lair:1)
  Sigmund (D:6)
  8 yaks
  Grum (D:11)
  Menkaure (D:6)
  Edmund (D:6)
  3 water moccasins
  6 porcupines
  Duvessa (D:4)
  A black bear (D:8)
  An ice beast (D:7)
  3 ogres
  A necrophage (D:11)
  A phantom (D:9)
  2 wolves (D:11)
  3 centaurs
  A crocodile (Lair:1)
  A big kobold (D:9)
  8 bullfrogs
  Dowan (D:4)
  A water moccasin zombie (D:7)
  A wyvern skeleton (D:8)
  3 scorpions
  5 wights (D:9)
  6 killer bees (D:10)
  6 howler monkeys
  2 centaur zombies
  4 crimson imps
  2 quasits
  2 jellies (D:5)
  2 bullfrog skeletons (D:5)
  2 gnoll shamans
  3 hounds
  2 bullfrog zombies
  2 orc priests (D:7)
  4 worker ants
  12 orc wizards
  4 hound skeletons
  11 gnolls
  A worker ant zombie (D:8)
  10 adders
  2 shadow imps
  2 adder zombies
  6 worms
  2 dart slugs (D:1)
  6 leopard geckos
  33 orcs
  A ball python (D:1)
  3 giant cockroaches
  6 goblins
  15 hobgoblins
  22 jackals
  15 kobolds
  3 quokkas
  6 bats
  5 frilled lizards
  2 quokka skeletons
  4 rats
  3 plants (D:11)
276 creatures vanquished.

Vanquished Creatures (collateral kills)
  A spiny frog (Lair:1)
  2 komodo dragons (Lair:1)
  A basilisk (Lair:1)
  A porcupine (D:11)
  A black bear (Lair:1)
  A crocodile (Lair:1)
  An orc (D:11)
8 creatures vanquished.

Vanquished Creatures (others)
  2 centaurs
  3 orcs (D:5)
  2 fungi (D:11)
7 creatures vanquished.

Grand Total: 291 creatures vanquished

Notes
Turn   | Place    | Note
-------+----------+-------------------------------------------
     0 | D:1      | Mgcat the Hill Orc Fighter began the quest for the Orb.
     0 | D:1      | Reached XP level 1. HP: 19/19 MP: 1/1
    20 | D:1      | Reached skill level 3 in Axes
    24 | D:1      | Reached XP level 2. HP: 25/27 MP: 2/2
   452 | D:1      | Reached XP level 3. HP: 30/33 MP: 3/3
   533 | D:1      | Reached skill level 4 in Fighting
   878 | D:2      | Found an ornate altar of the Wu Jian Council.
   896 | D:2      | Reached skill level 4 in Axes
   952 | D:2      | Reached XP level 4. HP: 30/40 MP: 4/4
  1060 | D:2      | Found a hide-covered altar of Uskayaw.
  1700 | D:2      | Reached skill level 4 in Shields
  1856 | D:2      | Reached skill level 4 in Armour
  1856 | D:2      | Reached XP level 5. HP: 39/47 MP: 5/5
  2167 | D:3      | Found a radiant altar of Vehumet.
  2214 | D:3      | Reached skill level 5 in Axes
  2438 | D:3      | Found a bloodstained altar of Trog.
  2980 | D:4      | Reached XP level 6. HP: 53/53 MP: 6/6
  3195 | D:4      | Reached skill level 6 in Axes
  3293 | D:4      | Noticed Duvessa
  3315 | D:4      | Killed Duvessa
  3315 | D:4      | Reached skill level 5 in Fighting
  3315 | D:4      | Reached XP level 7. HP: 56/61 MP: 7/7
  3327 | D:4      | Noticed Dowan
  3358 | D:4      | Killed Dowan
  3849 | D:5      | Entered Level 5 of the Dungeon
  4053 | D:4      | Reached skill level 7 in Axes
  4053 | D:4      | Reached skill level 5 in Armour
  4053 | D:4      | Reached skill level 5 in Shields
  4195 | D:5      | Became a worshipper of Beogh the Brigand
  4380 | D:5      | Reached skill level 1 in Invocations
  4387 | D:5      | Reached XP level 8. HP: 53/70 MP: 8/8
  4618 | D:5      | Found Cumuis's Gadget Boutique.
  4672 | D:5      | Found a basalt altar of Yredelemnul.
  4705 | D:5      | Reached skill level 8 in Axes
  4854 | D:5      | Reached skill level 6 in Fighting
  5273 | D:5      | Gained mutation: You have a pair of small horns on your
                  | head. [potion of mutation]
  5273 | D:5      | Gained mutation: You have a pair of horns on your head.
                  | [potion of mutation]
  5273 | D:5      | Gained mutation: You have large cloven feet. [potion of
                  | mutation]
  5315 | D:6      | Reached * piety under Beogh
  5364 | D:6      | Noticed Menkaure
  5370 | D:6      | Killed Menkaure
  5370 | D:6      | Reached skill level 2 in Invocations
  5411 | D:6      | Noticed Prince Ribbit
  5437 | D:6      | Killed Prince Ribbit
  5437 | D:6      | Reached skill level 6 in Shields
  5723 | D:6      | Found Asuis's General Store.
  5728 | D:6      | Bought a potion of heal wounds for 65 gold pieces
  5728 | D:6      | Bought a scroll of identify for 26 gold pieces
  5753 | D:6      | Reached skill level 3 in Invocations
  5798 | D:6      | Noticed Sigmund
  5809 | D:6      | Reached skill level 9 in Axes
  5825 | D:6      | Reached skill level 6 in Armour
  5831 | D:6      | Killed Sigmund
  5831 | D:6      | Reached XP level 9. HP: 27/78 MP: 11/11
  6273 | D:6      | Noticed Edmund
  6274 | D:6      | Found Kawof's Distillery.
  6288 | D:6      | Killed Edmund
  6294 | D:6      | Bought a potion of mutation for 88 gold pieces
  6294 | D:6      | Bought a potion of haste for 110 gold pieces
  6294 | D:6      | Bought 2 potions of might for 88 gold pieces
  6294 | D:6      | Gained mutation: Armour fits poorly on your strangely
                  | shaped body. [potion of mutation]
  6294 | D:6      | Gained mutation: You are partially covered in yellow
                  | scales. (AC +2) [potion of mutation]
  6294 | D:6      | Gained mutation: You are mostly covered in yellow scales.
                  | (AC +3) [potion of mutation]
  6448 | D:7      | Reached skill level 4 in Invocations
  6503 | D:7      | Reached skill level 7 in Fighting
  6556 | D:7      | Reached skill level 10 in Axes
  6565 | D:7      | HP: 19/79 [orc wizard/+1 dagger of venom (2)]
  6572 | D:7      | HP: 18/79 [poisoned by an orc wizard]
  6579 | D:7      | HP: 17/79 [poisoned by an orc wizard]
  6583 | D:7      | HP: 7/79 [orc wizard/magic dart (6)]
  6588 | D:7      | HP: 4/79 [poisoned by an orc wizard]
  6595 | D:6      | HP: 3/79 [poisoned by an orc wizard]
  6603 | D:6      | HP: 3/79 [poisoned by an orc wizard]
  7367 | D:7      | Found a staircase to the Ecumenical Temple.
  7376 | D:7      | Reached skill level 7 in Shields
  7382 | D:7      | Reached ** piety under Beogh
  7426 | D:7      | Reached skill level 5 in Invocations
  7464 | D:7      | You fall into a shaft and drop 1 floor!
  7498 | D:8      | Found Xibiots's Food Shop.
  7771 | D:8      | Reached skill level 7 in Armour
  7796 | D:8      | Found Uxedyuc's Distillery.
  8218 | D:8      | Found Wodeinkeva's Book Shoppe.
  8237 | D:8      | Reached XP level 10. HP: 87/88 MP: 14/14
  8324 | D:9      | Reached skill level 11 in Axes
  8434 | D:9      | Reached skill level 8 in Fighting
  8449 | D:9      | Noticed a two-headed ogre
  8462 | D:8      | Killed a two-headed ogre
  8462 | D:8      | Reached skill level 6 in Invocations
  8629 | D:9      | Identified a scroll of acquirement
  8630 | D:9      | Identified the ring of Ikhiuh {*Contam +Fly rF+ rN+} (You
                  | acquired it on level 9 of the Dungeon)
  8738 | D:9      | Reached skill level 8 in Shields
  8802 | D:9      | Reached *** piety under Beogh
  8910 | D:9      | Found a shadowy altar of Dithmenos.
  8976 | D:10     | Entered Level 10 of the Dungeon
  9037 | D:10     | Reached skill level 12 in Axes
  9391 | D:11     | Noticed a purple ugly thing
  9405 | D:11     | Killed a purple ugly thing
  9405 | D:11     | Reached skill level 8 in Armour
  9405 | D:11     | Reached skill level 7 in Invocations
  9411 | D:11     | Found a staircase to the Lair.
  9714 | D:11     | Reached XP level 11. HP: 91/95 MP: 16/16
  9761 | D:11     | Reached skill level 9 in Fighting
  9765 | D:11     | Killed an unseen horror
  9971 | D:11     | Noticed a two-headed ogre
  9983 | D:11     | Killed a two-headed ogre
  9983 | D:11     | Reached skill level 13 in Axes
 10018 | D:11     | Noticed Grum
 10034 | D:11     | Noticed a two-headed ogre
 10063 | D:11     | Killed Grum
 10063 | D:11     | Reached skill level 8 in Invocations
 10064 | D:11     | HP: 21/97 [two-headed ogre/+0 giant club (5)]
 10065 | D:11     | Killed a two-headed ogre
 10488 | D:11     | Found a runed translucent gate.
 10488 | D:11     | Found a runed translucent gate.
 10488 | D:11     | Found a runed translucent gate.
 10685 | D:11     | Noticed Lochraine's ghost (novice DEWz)
 10780 | Lair:1   | Entered Level 1 of the Lair of Beasts
 10805 | Lair:1   | Reached skill level 9 in Shields
 11099 | Lair:1   | Gained Bogbrand as an ally
 11099 | Lair:1   | Reached skill level 9 in Armour
 11101 | Lair:1   | Noticed Fannar
 11128 | Lair:1   | Killed Fannar
 11128 | Lair:1   | Reached **** piety under Beogh
 11304 | Lair:1   | Noticed Urug
 11330 | Lair:1   | Found a frozen archway.
 11335 | Lair:1   | HP: 21/99 [ice devil (6)]
 11335 | Lair:1   | Slain by an ice devil

Levels and vault maps discovered:
D:1:      saegor_arrival_simple_d, layout_basic, chequers_serial_rivers_marsh
D:2:      layout_basic, overflow_temple_1_default,
          eat_drink_and_be_merry_uskayaw
D:3:      layout_loops_ring, bloody_trog, vehumet_crystals,
          chequers_serial_rivers_marsh, minmay_misc_feat_x
D:4:      layout_basic, uniq_duvessa
D:5:      minmay_spotlight, layout_rooms, kennysheep_little_box, first_ration,
          serial_shops, shop, supply_closet_lemuel
D:6:      layout_rooms, serial_shops, shop, nicolae_shop_stone, st_stairs_1,
          uniq_menkaure, uniq_edmund, uniq_prince_ribbit1, uniq_sigmund
D:7:      layout_basic, minmay_temple_entry_slanted, grunt_ogre_cave,
          solitary_fountain
D:8:      layout_loops_ring, serial_shops, shop, shop_fountains, shop
D:9:      layout_rooms, lemuel_crystal_altar, minmay_misc_feat_plants
D:10:     layout_cave_pools
D:11:     layout_long_grid, due_lair_maze_entry_diamond, gammafunk_ghost_icy,
          uniq_grum
Lair:1:   cheibrodos_lair_river_kwai, layout_cave_shapes,
          portal_ice_cave_demonic_guard, beast_lair_carwin_2,
          minmay_lair_oklob_chamber, lemuel_fruit_tree,
          infiniplex_staircase_pool_2, uniq_fannar, uniq_urug

Skill      XL: |  1  2  3  4  5  6  7  8  9 10 11 |
---------------+----------------------------------+-----
Axes           | 3 4 5 6 7 9 10 12 13 | 13.9
Fighting       | 4 5 6 7 8 9 |  9.9
Shields        | 4 5 6 7 8 9 |  9.3
Armour         | 4 5 6 7 8 9 |  9.1
Invocations    | 1 3 5 7 8 |  8.8

Action                   |  1- 3 |  4- 6 |  7- 9 | 10-12 || total
-------------------------+-------+-------+-------+-------++-------
Melee: War axe           |   105 |   227 |   373 |   259 ||   964
       Headbutt          |       |       |    38 |    42 ||    80
       Unarmed           |       |       |       |     6 ||     6
Invok: Convert to Beogh  |       |       |     1 |       ||     1
Evoke: Wand              |       |       |       |     9 ||     9
  Use: Potion            |       |     1 |     4 |     4 ||     9
       Scroll            |       |       |    23 |     4 ||    27
 Stab: Distracted        |       |       |       |     1 ||     1
  Eat: Chunk             |       |     8 |    25 |     3 ||    36
       Ration            |       |       |     2 |       ||     2
Armor: Scale mail        |    61 |    92 |     3 |       ||   156
       Ring mail         |       |       |   171 |    61 ||   232
       Skin              |       |       |       |    28 ||    28
Dodge: Dodged            |    36 |    51 |   109 |    69 ||   265
Block: Kite shield       |    53 |    98 |   205 |   182 ||   538
       Reflection        |       |       |       |     7 ||     7

Table legend:
 A = Non-vault XP
 B = Vault XP
 C = Vault XP percentage of total XP
 D = Non-vault monster count
 E = Vault monster count
 F = Vault count percentage of total count
                 A         B        C        D         E       F
            +---------+---------+-------+---------+---------+-------
      Total |   12390 |    4703 |  27.5 |     256 |      26 |   9.2
            +---------+---------+-------+---------+---------+-------
        D:1 |      60 |       0 |   0.0 |      29 |       0 |   0.0
        D:2 |      73 |       0 |   0.0 |      22 |       0 |   0.0
        D:3 |     110 |       0 |   0.0 |      36 |       0 |   0.0
        D:4 |     438 |     219 |  33.3 |      17 |       2 |  10.5
        D:5 |     576 |       0 |   0.0 |      26 |       0 |   0.0
        D:6 |     317 |     839 |  72.6 |      14 |       6 |  30.0
        D:7 |    1191 |     122 |   9.3 |      30 |       1 |   3.2
        D:8 |    1578 |       0 |   0.0 |      22 |       0 |   0.0
        D:9 |    1807 |       0 |   0.0 |      29 |       0 |   0.0
       D:10 |     481 |     281 |  36.9 |       9 |       2 |  18.2
       D:11 |    4147 |    1259 |  23.3 |      11 |      10 |  47.6
     Lair:1 |    1612 |    1983 |  55.2 |      11 |       5 |  31.2
            +---------+---------+-------+---------+---------+-------

Levels and vault maps discovered:
D:1:      saegor_arrival_simple_d, layout_basic, chequers_serial_rivers_marsh
D:2:      layout_basic, overflow_temple_1_default,
          eat_drink_and_be_merry_uskayaw
D:3:      layout_loops_ring, bloody_trog, vehumet_crystals,
          chequers_serial_rivers_marsh, minmay_misc_feat_x
D:4:      layout_basic, uniq_duvessa
D:5:      minmay_spotlight, layout_rooms, kennysheep_little_box, first_ration,
          serial_shops, shop, supply_closet_lemuel
D:6:      layout_rooms, serial_shops, shop, nicolae_shop_stone, st_stairs_1,
          uniq_menkaure, uniq_edmund, uniq_prince_ribbit1, uniq_sigmund
D:7:      layout_basic, minmay_temple_entry_slanted, grunt_ogre_cave,
          solitary_fountain
D:8:      layout_loops_ring, serial_shops, shop, shop_fountains, shop
D:9:      layout_rooms, lemuel_crystal_altar, minmay_misc_feat_plants
D:10:     layout_cave_pools
D:11:     layout_long_grid, due_lair_maze_entry_diamond, gammafunk_ghost_icy,
          uniq_grum
Lair:1:   cheibrodos_lair_river_kwai, layout_cave_shapes,
          portal_ice_cave_demonic_guard, beast_lair_carwin_2,
          minmay_lair_oklob_chamber, lemuel_fruit_tree,
          infiniplex_staircase_pool_2, uniq_fannar, uniq_urug

Table legend:
 A = Turns spent in this place as a percentage of turns spent in the entire game.
 B = Non-inter-level travel turns spent in this place as a percentage of non-inter-level travel turns spent in the entire game.
 C = Inter-level travel turns spent in this place as a percentage of turns spent in this place.
 D = Turns resting spent in this place as a percentage of non-inter-level travel turns spent in this place.
 E = Turns spent auto-exploring this place as a percentage of non-inter-level travel turns spent in this place.
 F = Non-inter-level travel turns spent in this place divided by the number of levels of this place that you've seen.
                   A       B       C       D       E      F
               +-------+-------+-------+-------+-------+----------------------
         Total | 100.0 | 100.0 |   3.8 |  28.9 |  52.4 | 909.0
       Dungeon |  95.1 |  94.9 |   4.0 |  28.9 |  53.1 | 941.2
          Lair |   4.9 |   5.1 |   0.0 |  27.2 |  39.1 | 555.0
               +-------+-------+-------+-------+-------+----------------------

Table legend:
 A = Kills in this place as a percentage of kills in entire the game.
 B = Kills by you in this place as a percentage of kills by you in the entire game.
 C = Kills by friends in this place as a percentage of kills by friends in the entire game.
 D = Other kills in this place as a percentage of other kills in the entire game.
 E = Experience gained in this place as a percentage of experience gained in the entire game.
 F = Experience gained in this place divided by the number of levels of this place that you have seen.
                   A       B       C       D       E      F
               +-------+-------+-------+-------+-------+----------------------
         Total | 100.0 | 100.0 | 100.0 | 100.0 | 100.0 | 1424.4
       Dungeon |  94.3 |  96.3 |  25.0 | 100.0 |  79.0 | 1227.1
          Lair |   5.7 |   3.7 |  75.0 |   0.0 |  21.0 | 3595.0
               +-------+-------+-------+-------+-------+----------------------
